 Dungeon Crawl Stone Soup version 0.31-a0-1620-gcbf77bbcfc (webtiles) character file.

Game seed: 13827882069847498648

1 senseless the Grasshopper (level 1, 0/16 HPs)
             Began as a Demonspawn Warper on Jan 11, 2024.
             Slain by a quokka (3 damage)
             ... on level 1 of the Dungeon.
             The game lasted 00:00:19 (25 turns).

senseless the Grasshopper (Demonspawn Warper)         Turns: 25, Time: 00:00:19

Health: 0/16       AC:  3    Str: 11    XL:     1   Next: 16%
Magic:  3/3        EV: 11    Int: 13    God:
Gold:   5          SH:  0    Dex: 12    Spells: 4/4 levels left

rFire   . . .        a - +0 mace
rCold   . . .        (no shield)
rNeg    . . .        b - +0 leather armour
rPois   .            (no helmet)
rElec   .            (no cloak)
rCorr   .            (no gloves)
SInv    .            (no boots)
Will    .....        (no amulet)
Stlth   +            (no ring)
HPRegen 0.22/turn    (no ring)
MPRegen 0.08/turn

%: no passive effects
@: no status effects
A: no striking features
a: no special abilities


You were on level 1 of the Dungeon.
You visited 1 branch of the dungeon, and saw 1 of its levels.

You collected 5 gold pieces.

Inventory:

Hand Weapons
 a - a +0 mace (weapon)
Missiles
 d - 7 darts of dispersal (quivered)
Armour
 b - a +0 leather armour (worn)
Scrolls
 c - a scroll of blinking


   Skills:
 + Level 2.0 Fighting
 + Level 1.7 Maces & Flails
 - Level 0.8 Throwing
 + Level 0.9 Armour
 + Level 1.8 Dodging
 + Level 2.0 Spellcasting
 + Level 2.7 Translocations


You had 4 spell levels left.
You didn't know any spells.
Your spell library contained the following spells:

 Spells                   Type           Power      Damage    Failure   Level
 Blink                    Tloc           16%        N/A       17%         2
 Lesser Beckoning         Tloc           16%        N/A       17%         2
 Teleport Other           Tloc           8%         N/A       32%         3
 Manifold Assault         Tloc           8%         N/A       73%         4
 Vhi's Electric Charge    Tloc/Air       8%         N/A       88%         4


Dungeon Overview and Level Annotations

Branches:
Dungeon (1/15)

Altars:


Message History

You are too injured to fight recklessly!
You are too injured to fight recklessly!
You are too injured to fight recklessly!
You are too injured to fight recklessly!
You are too injured to fight recklessly!
You are too injured to fight recklessly!
You are too injured to fight recklessly!
You are too injured to fight recklessly!
You are too injured to fight recklessly!
You are too injured to fight recklessly!
You are too injured to fight recklessly!
You are too injured to fight recklessly!
You closely miss the hobgoblin.
The hobgoblin is almost dead.
The quokka bites you. The hobgoblin barely misses you.
The quokka closely misses you.
You barely miss the hobgoblin.
The hobgoblin is severely wounded.
The hobgoblin hits you. The quokka closely misses you.
The hobgoblin closely misses you.
You barely miss the hobgoblin.
The hobgoblin is severely wounded.
The quokka misses you. The hobgoblin closely misses you.
The quokka barely misses you.
You sock the hobgoblin!
You kill the hobgoblin!
The quokka misses you.
You hit the quokka.
The quokka is lightly wounded.
The quokka bites you.
* * * LOW HITPOINT WARNING * * *
The quokka closely misses you.
A dart slug comes into view.
You closely miss the quokka.
The quokka is lightly wounded.
The quokka barely misses you. x2
You miss the quokka.
The quokka is lightly wounded.
The quokka bites you.
You die...

######.##.###
#............
#............
#.........w.
#.........#
#......)..#
###....†r...# .
###...###@..###
#.#.....$.......#
#.#.............##.
#....###...###.....
#....#>......#.....
#....#.......#...#.
#.............#..
#......#......###
#.............#


You could see a dart slug and a quokka.

Vanquished Creatures
  A hobgoblin (D:1)
1 creature vanquished.

Notes
Turn   | Place    | Note
-------+----------+-------------------------------------------
     0 | D:1      | senseless the Demonspawn Warper began the quest for the
                  | Orb.
     0 | D:1      | Reached XP level 1. HP: 16/16 MP: 3/3
    25 | D:1      | Slain by a quokka

Illustrated notes

Levels and vault maps discovered:
D:1:      minmay_arrival_open_corners, layout_rooms, nicolae_shop_vocational

Action                     || total
---------------------------++-------
  Melee: Mace              ||    12
 Armour: Leather armour    ||    11
  Dodge: Dodged            ||    20

Table legend: (Time is in decaauts)
 A = Elapsed time spent in this place.
 B = Non-inter-level travel time spent in this place.
 C = Inter-level travel time spent in this place.
 D = Time resting spent in this place.
 E = Time spent auto-exploring this place.
 F = Levels seen in this place.
 G = Mean time per level.
                   A        B        C        D        E       F      G
               +--------+--------+--------+--------+--------+-----+--------+
         Total |     28 |     28 |      0 |      0 |      9 |   1 |   28.0 |
       Dungeon |     28 |     28 |      0 |      0 |      9 |   1 |   28.0 |
               +--------+--------+--------+--------+--------+-----+--------+

Top non-repeatable levels by time:
     D:1: 28 daAuts
